 Dungeon Sprint DCSS version 0.19.1-1-g22dce08 (webtiles) character file.

116 Slime the Arsonist (level 4, -14/24 HPs)
             Began as a Deep Elf Fire Elementalist on Jan 2, 2017.
             Was a Priest of Sif Muna.
             Shot with a bolt by a yaktaur (26 damage)
             ... in the Dungeon (Sprint V: "Ziggurat Sprint").
             The game lasted 00:02:28 (186 turns).

Slime the Arsonist (Deep Elf Fire Elementalist)      Turns: 186, Time: 00:02:28

Health: -14/24     AC:  2    Str:  5    XL:     4   Next: 70%
Magic:  13/16      EV: 13    Int: 39    God:    Sif Muna [***...]
Gold:   0          SH:  0    Dex: 15    Spells: 1 memorised, 8 levels left

rFire  . . .     SeeInvis .     L - +6 Majin-Bo {vamp, Archmagi MP+6 Int+6}
rCold  . . .     Gourm    .     a - +0 robe
rNeg   . . .     Faith    .     (shield currently unavailable)
rPois  .         Spirit   .     (no helmet)
rElec  .         Reflect  .     (no cloak)
rCorr  .         Harm     .     (no gloves)
MR     .....     NoTele   +     (no boots)
Stlth  ++........               (no amulet)
                                B - +6 ring of intelligence
                                A - +6 ring of intelligence

@: studying Ice Magic
A: no striking features
a: Divine Energy, Channel Magic, Renounce Religion


You were in the Dungeon.
You worshipped Sif Muna.
Sif Muna was most pleased with you.
You were not hungry.

You visited 1 branch

Inventory:

Hand Weapons
 L - the +6 Majin-Bo (weapon) {vamp, Archmagi MP+6 Int+6}
   (You found it in the Dungeon)

   It inflicts no extra harm, but heals its wielder when it wounds a living foe.
   It affects your intelligence (+6).
   It affects your magic capacity (+6).
Armour
 a - a +0 robe (worn)
 M - a +5 crystal plate armour
 N - +5 fire dragon scales
Magical Staves
 I - an uncursed staff of energy
Jewellery
 y - a +6 ring of dexterity
 z - a +6 ring of dexterity
 A - a +6 ring of intelligence (left hand)
 B - a +6 ring of intelligence (right hand)
 C - a +6 ring of strength
 D - a +6 ring of strength
 K - an uncursed ring of flight
 Q - a +2 ring of dexterity
Wands
 E - a wand of disintegration (7/24)
 F - a wand of iceblast (5/15)
 G - a wand of lightning (5/15)
 H - a wand of acid (5/15)
Scrolls
 i - 4 scrolls of blinking
 p - 4 scrolls of amnesia
 q - 3 scrolls of recharging
 r - 7 scrolls of fog
 s - a scroll of holy word
 t - 5 scrolls of identify
 u - 5 scrolls of remove curse
 v - 2 scrolls of fear
Potions
 d - 10 potions of curing
 e - 8 potions of heal wounds
 f - 6 potions of haste
 g - 7 potions of magic
 h - 3 potions of berserk rage
 j - 2 potions of brilliance
 k - 2 potions of invisibility
 l - 4 potions of resistance
 n - 5 potions of agility
 o - 5 potions of might
Books
 b - a book of Flames

   Spells                             Type                      Level
   a - Flame Tongue                   Conjuration/Fire             1
   b - Throw Flame                    Conjuration/Fire             2
   c - Conjure Flame                  Conjuration/Fire             3
   d - Inner Flame                    Hexes/Fire                   3
   e - Sticky Flame                   Conjuration/Fire             4
   f - Fireball                       Conjuration/Fire             5
 P - a manual of Ice Magic
Miscellaneous
 J - a crystal ball of energy
 O - a disc of storms
Comestibles
 c - 4 bread rations
 w - 42 fruits
 x - 4 meat rations


   Skills:
 - Level 2.4 Dodging
 - Level 2.4 Stealth
 - Level 3.0 Spellcasting
 - Level 1.1 Conjurations
 + Level 13.0 Fire Magic


You had 8 spell levels left.
You knew the following spells:

 Your Spells              Type           Power        Failure   Level  Hunger
a - Flame Tongue          Conj/Fire      #####        1%          1    None


Dungeon Overview and Level Annotations

Branches:
Dungeon (1/1)

Altars:
Ashenzari
Cheibriados
Dithmenos
Elyvilon
Fedhas
Gozag
Hepliaklqana
Kikubaaqudgha
Makhleb
Nemelex Xobeh
Okawaru
Qazlal
Ru
Sif Muna
Trog
Uskayaw
Vehumet
Xom
Yredelemnul
Zin
The Shining One
Beogh
Jiyva
Lugonu


Message History

Press: ? - help, Shift-Dir - straight line, f/p - yaktaur
Aim: a yaktaur You feel a surge of power!
The flame tongue hits the yaktaur.
The yaktaur is lightly wounded.
The centaur shouts!
The centaur wields a shortbow.
The centaur shoots an arrow.
The arrow hits you!
Ouch! That really hurt!
The yaktaur wields a runed arbalest.
The yaktaur shoots a bolt.
The bolt completely misses you.
You feel much better.
The centaur shoots an arrow.
The arrow hits you!
You feel more experienced!
Sif Muna is protecting you from the effects of miscast magic.
You can now call upon Sif Muna for magical energy.
Your Fire Magic skill gained 5 levels and is now at level 13!
You have reached level 4!
You feel clever.
The centaur shoots an arrow.
The arrow barely misses you.
The yaktaur shoots a bolt.
The bolt hits you!!
Ouch! That really hurt!
You die...

▓▓▓▓▓▓▓▓▓▓▓▓▓
▓.8©8.▓.8©8.▓
▓.[:[.▓.....▓
▓.ccc.▓.....▓
▓.....▓.....▓
▓.....▓..)..▓
▓.....▓.....▓
▓..@..▓▓▓▓▓▓▓
▓▓▓▓▓▓▓


You could see 2 yaktaurs and a centaur.

Vanquished Creatures
  An orc priest (D)
  An orc wizard (D)
2 creatures vanquished.

Vanquished Creatures (others)
  A spatial maelstrom (D)
1 creature vanquished.

Grand Total: 3 creatures vanquished

Notes
Turn   | Place    | Note
-------+----------+-------------------------------------------
     0 | D        | Slime the Deep Elf Fire Elementalist began the quest for the Orb.
     0 | D        | Reached XP level 1. HP: 10/10 MP: 6/6
     0 | D        | Found a deep blue altar of Sif Muna.
     0 | D        | Found a bloodstained altar of Trog.
     0 | D        | Found a sacrificial altar of Ru.
     0 | D        | Found a stormy altar of Qazlal.
     0 | D        | Found an iron altar of Okawaru.
     1 | D        | Found a sparkling altar of Nemelex Xobeh.
     1 | D        | Found a blossoming altar of Fedhas.
     3 | D        | Found an ancient bone altar of Kikubaaqudgha.
     3 | D        | Found a viscous altar of Jiyva.
     3 | D        | Found a corrupted altar of Lugonu.
     3 | D        | Found a hazy altar of Hepliaklqana.
     3 | D        | Found a burning altar of Makhleb.
     3 | D        | Found an opulent altar of Gozag.
    13 | D        | Banished a spatial maelstrom
   102 | D        | Became a worshipper of Sif Muna the Loreminder
   121 | D        | Entered arena 1.
   121 | D        | Noticed an orc priest
   121 | D        | Noticed an orc wizard
   123 | D        | Killed an orc priest
   123 | D        | Reached * piety under Sif Muna
   123 | D        | Reached skill level 7 in Fire Magic
   123 | D        | Reached XP level 2. HP: 14/15 MP: 8/8
   123 | D        | Reached XP level 3. HP: 18/19 MP: 9/9
   128 | D        | Reached skill level 8 in Fire Magic
   182 | D        | Entered arena 2.
   182 | D        | Noticed a yaktaur
   182 | D        | Noticed a yaktaur
   182 | D        | Noticed a centaur
   186 | D        | Reached ** piety under Sif Muna
   186 | D        | Reached *** piety under Sif Muna
   186 | D        | Reached skill level 13 in Fire Magic
   186 | D        | Reached XP level 4. HP: 12/24 MP: 10/10
   186 | D        | Shot with a bolt by a yaktaur

Skill      XL: |  1  2  3 |
---------------+----------+-----
Fire Magic     | 7 13 | 13.0
Dodging        | |  2.4
Stealth        | |  2.4
Spellcasting   | |  3.0
Conjurations   | |  1.1

Action                   |  1- 3 |  4- 6 || total
-------------------------+-------+-------++-------
 Cast: Flame Tongue      |     8 |       ||     8
  Use: Potion            |     3 |       ||     3
  Eat: Bread ration      |     1 |       ||     1
Dodge: Dodged            |     3 |     1 ||     4
